 Dungeon Crawl Stone Soup version 0.28-a0-909-g796cbd3a86 (webtiles) character file.

Game seed: 1875678483696430644

57 Zonian the Poker (level 3, 0/28 HPs)
             Began as a Demonspawn Gladiator on Nov 25, 2021.
             Was a Follower of Uskayaw.
             Slain by an ogre (28 damage)
             ... on level 2 of the Dungeon.
             The game lasted 00:02:32 (1623 turns).

Zonian the Poker (Demonspawn Gladiator)             Turns: 1623, Time: 00:02:32

Health: 0/28       AC:  4    Str: 14    XL:     3   Next: 73%
Magic:  3/3        EV: 12    Int:  9    God:    Uskayaw [*.....]
Gold:   82         SH:  0    Dex: 15    Spells: 2/2 levels left

rFire   . . .      SeeInvis .   j - +2 short sword (flame)
rCold   . . .      Faith    .   (no shield)
rNeg    . . .      Spirit   .   b - +0 leather armour
rPois   .          Reflect  .   c - +0 helmet
rElec   .          Harm     .   (no cloak)
rCorr   .          Rampage  .   (no gloves)
Will    .....                   (no boots)
Stlth   +.........              (no amulet)
HPRegen 0.09/turn               (no ring)
MPRegen 0.16/turn               (no ring)

@: no status effects
A: magic regeneration, weakness stinger 1
a: Renounce Religion, Stomp


You were on level 2 of the Dungeon.
You worshipped Uskayaw.
Uskayaw was noncommittal.
You visited 1 branch of the dungeon, and saw 2 of its levels.

You collected 82 gold pieces.

Inventory:

Hand Weapons
 a - a +0 trident
 j - a +2 short sword of flaming (weapon)
Missiles
 d - 2 throwing nets (quivered)
 e - 2 atropa-tipped darts
Armour
 b - a +0 leather armour (worn)
 c - a +0 helmet (worn)
 m - a scarf of invisibility
Scrolls
 g - a scroll of vulnerability {unknown}
 h - a scroll of fear {unknown}
 i - a scroll of torment {unknown}
 l - a scroll of blinking {unknown}
 n - a scroll of teleportation {unknown}
Potions
 f - a potion of curing {unknown}
 k - a potion of attraction {unknown}


   Skills:
 + Level 2.4 Fighting
 - Level 3.3 Polearms
 + Level 1.7 Throwing
 + Level 0.6 Armour
 + Level 3.3 Dodging
 + Level 0.4 Stealth


You had 2 spell levels left.
You didn't know any spells.
Your spell library contained the following spells:

 Spells                   Type           Power      Damage    Failure   Level
 Freeze                   Ice            0%         1d3       45%         1
 Frozen Ramparts          Ice            0%         1d2       83%         3
 Summon Guardian Golem    Hex/Summ       0%         N/A       83%         3
 Hailstorm                Conj/Ice       0%         3d3       99%         4
 Orb of Destruction       Conj           0%         N/A       100%        7
 Spellforged Servitor     Conj/Summ      0%         N/A       100%        7


Dungeon Overview and Level Annotations

Branches:
Dungeon (2/15)

Altars:
Uskayaw


Innate Abilities, Weirdness & Mutations

You regenerate magic rapidly.
You have a small tail.


Message History

Unknown command.
A hobgoblin is nearby!
A hobgoblin is nearby!
Unknown command.
You closely miss the hobgoblin. The hobgoblin closely misses you.
The hobgoblin barely misses you.
You hit the hobgoblin. You burn the hobgoblin.
You kill the hobgoblin!
No target in view!
Unknown command.
A hobgoblin comes into view.
A hobgoblin is nearby!
Unknown command.
Unknown command.
The helpless hobgoblin fails to defend itself.
You hit the hobgoblin. You burn the hobgoblin.
You kill the hobgoblin!
No target in view!
Unknown command.
Found a club.
An ogre comes into view. It is wielding a +0 giant club.
Unknown command.
The ogre shouts!
Throw: 3 throwing nets
Press: ? - help, Q - select action, (/) - cycle Shift-Dir - straight line, f - ogre
Aim: an ogre, wielding a +0 giant club (74% to hit)
You throw a throwing net. The throwing net hits the ogre.
The ogre is caught in the net!
The ogre struggles against the net.
The ogre struggles against the net.
The ogre struggles against the net.
You hit the ogre. You burn the ogre.
The ogre is lightly wounded.
The ogre struggles against the net.
The net rips apart, and the ogre comes free!
You hit the ogre. You burn the ogre.
The ogre is moderately wounded.
The ogre hits you with a +0 giant club!!
Ouch! That really hurt!
You die...

#......#.#
#.###### #
#.# #..#
#.###..#
#......#
#######.#
.....#.#
#####.#.#.#
......O@..#
#####.....#
.........#
##########


You could see an ogre.

Vanquished Creatures
  An adder (D:2)
  2 dart slugs
  6 bats
  4 endoplasms (D:1)
  2 giant cockroaches (D:1)
  3 goblins (D:1)
  4 hobgoblins
  5 kobolds
  3 quokkas
  4 ball pythons
  2 frilled lizards
  6 rats
42 creatures vanquished.

Vanquished Creatures (others)
  9 plants (D:2)
9 creatures vanquished.

Grand Total: 51 creatures vanquished

Notes
Turn   | Place    | Note
-------+----------+-------------------------------------------
     0 | D:1      | Zonian the Demonspawn Gladiator began the quest for the
                  | Orb.
     0 | D:1      | Reached XP level 1. HP: 16/16 MP: 1/1
   273 | D:1      | Discovered your monstrous ancestry.
   273 | D:1      | Gained mutation: You have a small tail. [demonic ancestry]
   273 | D:1      | Reached XP level 2. HP: 18/22 MP: 2/2
   788 | D:1      | Gained mutation: You regenerate magic rapidly. [demonic
                  | ancestry]
   788 | D:1      | Reached XP level 3. HP: 28/28 MP: 3/3
  1451 | D:2      | Found a faded altar of an unknown god.
  1460 | D:2      | Prayed at the altar of an unknown god.
  1460 | D:2      | Became a worshipper of Uskayaw the Reveller
  1460 | D:2      | Reached * piety under Uskayaw
  1611 | D:2      | Noticed an ogre
  1623 | D:2      | Slain by an ogre

Illustrated notes

Levels and vault maps discovered:
D:1:      dpeg_arrival_fog, layout_basic, serial_forest,
          infiniplex_forest_lined_4_way, infiniplex_forest_clump_curved,
          infiniplex_forest_zigzag_1, infiniplex_forest_lined_2,
          infiniplex_forest_join, infiniplex_forest_zigzag_2,
          infiniplex_forest_join, infiniplex_forest_clump_tiny,
          serial_bayou_pond_e, minmay_tetromino_o2
D:2:      layout_basic, shapermc_ecumenical_altar_hornbeckon

Skill      XL: |  1  2 |
---------------+-------+-----
Dodging        | 3 |  3.3
Polearms       | 3 |  3.3
Fighting       | |  2.4
Throwing       | |  1.7
Armour         | |  0.6
Stealth        | |  0.4

Action                   || total
-------------------------++-------
Melee: Trident           ||    87
       Tailslap          ||     4
       Short sword       ||    15
Throw: Throwing net      ||     1
 Stab: Sleeping          ||     4
Armor: Leather armour    ||    16
Dodge: Dodged            ||    42

Table legend: (Time is in decaauts)
 A = Elapsed time spent in this place.
 B = Non-inter-level travel time spent in this place.
 C = Inter-level travel time spent in this place.
 D = Time resting spent in this place.
 E = Time spent auto-exploring this place.
 F = Levels seen in this place.
 G = Mean time per level.
                   A        B        C        D        E       F      G
               +--------+--------+--------+--------+--------+-----+--------+
         Total |   1640 |   1599 |     41 |    251 |   1028 |   2 |  820.0 |
       Dungeon |   1640 |   1599 |     41 |    251 |   1028 |   2 |  820.0 |
               +--------+--------+--------+--------+--------+-----+--------+

Top non-repeatable levels by time:
     D:1: 988 daAuts
     D:2: 651 daAuts
